 Dungeon Crawl Stone Soup version 0.28.0-1-gb440e238dd (webtiles) character file.

Game seed: 528639605320864336

16 hikkokomori the Grasshopper (level 2, 0/18 HPs)
             Began as a Gargoyle Warper on Feb 21, 2022.
             Slain by a kobold (4 damage)
             ... on level 1 of the Dungeon.
             The game lasted 00:01:25 (676 turns).

hikkokomori the Grasshopper (Gargoyle Warper)        Turns: 676, Time: 00:01:26

Health: 0/18       AC:  6    Str: 14    XL:     2   Next: 58%
Magic:  5/5        EV: 11    Int: 13    God:
Gold:   10         SH:  0    Dex:  9    Spells: 5/5 levels left

rFire   . . .      SeeInvis .   a - +0 mace
rCold   . . .      Faith    .   (no shield)
rNeg    + . .      Spirit   .   b - +0 leather armour
rPois   ∞          Reflect  .   (no helmet)
rElec   +          Harm     .   (no cloak)
rCorr   .          Rampage  .   (no gloves)
Will    .....                   (no boots)
Stlth   +.........              (no amulet)
HPRegen 0.06/turn               (no ring)
MPRegen 0.09/turn               (no ring)

@: no status effects
A: sickness immunity, AC +2, negative energy resistance 1, electricity
resistance, torment resistance 1, petrification resistance
a: no special abilities


You were on level 1 of the Dungeon.
You visited 1 branch of the dungeon, and saw 1 of its levels.

You collected 10 gold pieces.

Inventory:

Hand Weapons
 a - a +0 mace (weapon)
Missiles
 d - 5 boomerangs of dispersal (quivered)
Armour
 b - a +0 leather armour (worn)
Scrolls
 c - a scroll of blinking
Potions
 e - a potion of lignification {unknown}


   Skills:
 + Level 2.4 Fighting
 + Level 2.2 Maces & Flails
 - Level 0.8 Throwing
 + Level 1.5 Armour
 - Level 1.5 Dodging
 + Level 2.2 Spellcasting
 + Level 2.9 Translocations


You had 5 spell levels left.
You didn't know any spells.
Your spell library contained the following spells:

 Spells                   Type           Power      Damage    Failure   Level
 Blink                    Tloc           16%        N/A       14%         2
 Gell's Gravitas          Tloc           8%         N/A       28%         3
 Lesser Beckoning         Tloc           8%         N/A       28%         3
 Teleport Other           Tloc           8%         N/A       28%         3
 Manifold Assault         Tloc           8%         N/A       95%         5


Dungeon Overview and Level Annotations

Branches:
Dungeon (1/15)

Altars:


Innate Abilities, Weirdness & Mutations

You are immune to sickness and miasma.
Your stone body is resilient. (AC +2)
You are immune to poison.
You resist negative energy. (rN+)
You are resistant to electric shocks. (rElec)
You are resistant to unholy torment.
You are immune to petrification.


Message History

A kobold comes into view. It is wielding a +0 club.
You barely miss the rat.
The kobold shouts!
You hear an angry hiss.
The rat bites you. The rat barely misses you.
You closely miss the rat. The rat bites you.
You hit the rat.
You kill the rat!
A frilled lizard comes into view.
The ball python misses you. The ball python grabs you.
The ball python constricts you. The ball python bites you.
The ball python constricts you.
You hit the ball python.
You kill the ball python!
The goblin closely misses you.
You hit the goblin.
The goblin is heavily wounded.
The kobold closely misses you. The goblin barely misses you.
The kobold closely misses you. The goblin hits you but does no damage.
You closely miss the goblin.
The goblin is heavily wounded.
A giant cockroach comes into view.
An endoplasm comes into view.
The kobold hits you with a +0 club. The goblin closely misses you.
The giant cockroach moves out of view.
The kobold throws a stone.
The stone closely misses you.
You barely miss the goblin.
The goblin is heavily wounded.
The goblin completely misses you.
You hit the goblin.
The goblin is severely wounded.
The goblin hits you but does no damage. x2
You barely miss the goblin.
The goblin is heavily wounded.
The goblin closely misses you.
You sock the goblin!
You kill the goblin!
You closely miss the kobold. The kobold closely misses you.
You hit the kobold but do no damage. The kobold hits you with a +0 club. x2
* * * LOW HITPOINT WARNING * * *
You hit the kobold but do no damage. The kobold hits you with a +0 club.
You die...

...(.....# ..........#
..........#
..........####
##............#
..............#
.>.........##.########
...........##B.......##
...........@Kl.........
#..........##J.......##
#........###..........
##......## ##...$.....
#######.## #.........
.........# #.........
.........# #.........
.........# #.........
.........##


You could see an endoplasm, a giant cockroach, a kobold and a frilled lizard.

Vanquished Creatures
  3 endoplasms (D:1)
  2 giant cockroaches (D:1)
  2 goblins (D:1)
  2 hobgoblins (D:1)
  A ball python (D:1)
  A bat (D:1)
  4 rats (D:1)
15 creatures vanquished.

Vanquished Creatures (others)
  A fungus (D:1)
1 creature vanquished.

Grand Total: 16 creatures vanquished

Notes
Turn   | Place    | Note
-------+----------+-------------------------------------------
     0 | D:1      | hikkokomori the Gargoyle Warper began the quest for the
                  | Orb.
     0 | D:1      | Reached XP level 1. HP: 12/12 MP: 3/3
   239 | D:1      | Reached XP level 2. HP: 4/18 MP: 5/5
   676 | D:1      | Slain by a kobold

Illustrated notes

Levels and vault maps discovered:
D:1:      scummos_arrival_checkerplants, layout_rooms

Action                   || total
-------------------------++-------
Melee: Mace              ||    42
Armor: Leather armour    ||    12
Dodge: Dodged            ||    31
